 Dungeon Crawl Stone Soup version 0.18.1-48-g4cf74bf (webtiles) character file.

3130 Apert the Cleaver (level 9, -2/73 HPs)
             Began as a Hill Orc Fighter on July 27, 2016.
             Was a Believer of the Shining One.
             Slain by an eight-headed hydra (11 damage)
             ... on level 8 of the Dungeon.
             The game lasted 00:43:18 (6466 turns).

Apert the Cleaver (Hill Orc Fighter)                Turns: 6466, Time: 00:43:19

Health: -2/73      AC: 19    Str: 27    XL:     9   Next: 92%
Magic:  9/9        EV:  9    Int:  8    God:    the Shining One [**....]
Gold:   129        SH: 17    Dex: 12    Spells: 0 memorised, 8 levels left

rFire  . . .     SeeInvis .     G - +2 hand axe
rCold  + + +     Gourm    .     C - +1 chain mail of Refuge {rC++ Dex+2}
rNeg   + . .     Faith    .     c - +1 shield
rPois  .         Spirit   .     (no helmet)
rElec  .         Dismiss  .     k - +2 cloak
rCorr  .         Reflect  +     l - +2 pair of gloves
SustAt .         Harm     .     y - +0 pair of boots
MR     .....                    A - +4 amulet of reflection
Stlth  ..........               u - ring of protection from cold
                                e - ring of stealth

@: mighty, glowing, not resistant to hostile enchantments, extremely unstealthy
A: frail 1, wild magic 1, MP-powered wands
a: Divine Shield, Renounce Religion


You were on level 8 of the Dungeon.
You worshipped the Shining One.
The Shining One was pleased with you.
You were not hungry.

You visited 2 branches of the dungeon, and saw 9 of its levels.

You collected 366 gold pieces.
You spent 237 gold pieces at shops.

Inventory:

Hand Weapons
 a - a +0 war axe
 G - a +2 hand axe (weapon)
Armour
 c - a +1 shield (worn)
 k - a +2 cloak (worn)
 l - a +2 pair of gloves (worn)
 y - a +0 pair of boots (worn)
 C - the +1 chain mail of Refuge (worn) {rC++ Dex+2}
   (You bought it in a shop on level 7 of the Dungeon)

   It affects your dexterity (+2).
   It greatly protects you from cold.
 H - a +0 ring mail of cold resistance
Jewellery
 e - a ring of stealth (left hand)
 u - a ring of protection from cold (right hand)
 A - a +4 amulet of reflection (around neck)
Scrolls
 b - 6 scrolls of remove curse
 g - a scroll of immolation {unknown}
 h - 3 scrolls of amnesia
 n - 3 scrolls of random uselessness
 r - 2 scrolls of recharging
 v - a scroll of teleportation
 F - a scroll of vulnerability {unknown}
 I - a scroll of identify
Potions
 d - 3 potions of might
 j - 2 potions of flight {unknown}
 m - 2 potions of agility
 o - 4 potions of curing
 q - 2 potions of invisibility {unknown}
 s - a potion of cure mutation {unknown}
 t - 2 potions of ambrosia
 w - a potion of brilliance {unknown}
 x - a potion of cancellation {unknown}
 E - a potion of lignification {unknown}
Comestibles
 f - 8 bread rations
 i - 6 meat rations
 p - 7 fruits
 z - a slice of pizza
 B - a beef jerky
 D - a chunk of flesh


   Skills:
 + Level 8.6 Fighting
 + Level 9.4 Axes
 + Level 6.2 Armour
 + Level 3.9 Dodging
 + Level 1.0 Stealth
 + Level 8.0 Shields


You had 8 spell levels left.
You didn't know any spells.

Dungeon Overview and Level Annotations

Branches:
Dungeon (8/15)             Temple (1/1) D:5
   Lair: D:8-11

Altars:
Ashenzari
Cheibriados
Dithmenos
Elyvilon
Fedhas
Gozag
Kikubaaqudgha
Makhleb
Nemelex Xobeh
Okawaru
Pakellas
Qazlal
Ru
Sif Muna
Trog
Vehumet
Xom
Yredelemnul
Zin
The Shining One

Shops:
D:7 *


Innate Abilities, Weirdness & Mutations

You are frail (-10% HP).
Your spells are a little harder to cast, but a little more powerful.
You expend magic power (3 MP) to strengthen your wands.


Message History

You block the eight-headed hydra's attack. x3
The eight-headed hydra bites you.
* * * LOW HITPOINT WARNING * * *
You block the eight-headed hydra's attack.
Drink which item? (? for menu, Esc to quit)
You feel better.
You block the eight-headed hydra's attack.
The eight-headed hydra barely misses you.
You block the eight-headed hydra's attack. x2
The eight-headed hydra barely misses you.
The eight-headed hydra bites you but does no damage. x2
The eight-headed hydra bites you.
* * * LOW HITPOINT WARNING * * *
Drink which item? (? for menu, Esc to quit)
You feel better. The eight-headed hydra bites you.
* * * LOW HITPOINT WARNING * * *
You block the eight-headed hydra's attack. x3
The eight-headed hydra barely misses you.
The eight-headed hydra bites you!
You die...

##################
#............[.).#
..##..##########.#
.##..##**#######.#
###.###,.#..%..#.#
##..#.#,.Y%%..≈#@#
##.#..#,YY.P...#D#
##....#,.'....≈.K#
...#..#,.#..D..###
##.#..#+##P≈P.≈*
)....>#,,#≈≈≈≈P*
.#.#..#,)'.P≈PP*
##.#..#########*
#..###.#


You could see an eight-headed hydra and a big kobold.

Vanquished Creatures
  Sigmund (D:2)
  An ice beast (D:5)
  A sky beast (D:7)
  2 black bears
  A phantom (D:8)
  The ghost of slavik159 the Chopper, an amateur MiGl (D:3)
  3 ogres
  A necrophage (D:6)
  A centaur (D:6)
  4 big kobolds
  Blork the orc (D:6)
  4 scorpions
  10 wights (D:8)
  2 jellies
  2 crimson imps
  An orc priest (D:6)
  4 hounds
  3 orc wizards
  2 centaur skeletons
  2 giant frog skeletons
  6 worker ants
  A hell rat (D:5)
  A sheep (D:8)
  A hound skeleton (D:7)
  6 gnolls
  11 adders
  8 river rats (D:5)
  A shadow imp (D:8)
  An adder skeleton (D:4)
  3 worms
  A dart slug (D:1)
  A giant gecko (D:5)
  13 orcs
  2 ball pythons (D:2)
  4 bats
  4 giant cockroaches
  7 goblins
  4 hobgoblins (D:1)
  5 quokkas
  3 giant newts
  18 kobolds
  A quokka skeleton (D:4)
  40 rats
189 creatures vanquished.

Vanquished Creatures (others)
  A kobold (D:7)
1 creature vanquished.

Grand Total: 190 creatures vanquished

Notes
Turn   | Place    | Note
--------------------------------------------------------------
     0 | D:1      | Apert the Hill Orc Fighter began the quest for the Orb.
     0 | D:1      | Reached XP level 1. HP: 19/19 MP: 1/1
   136 | D:1      | Reached XP level 2. HP: 16/27 MP: 2/2
   835 | D:2      | Noticed Sigmund
   841 | D:2      | Reached XP level 3. HP: 33/33 MP: 3/3
   975 | D:2      | Killed Sigmund
   975 | D:2      | Reached skill level 3 in Axes
   975 | D:2      | Reached skill level 1 in Dodging
   975 | D:2      | Reached XP level 4. HP: 39/41 MP: 4/4
   975 | D:2      | Reached XP level 5. HP: 44/47 MP: 5/5
  1018 | D:2      | Found a glowing golden altar of the Shining One.
  1020 | D:2      | Found a snail-covered altar of Cheibriados.
  1358 | D:2      | Reached XP level 6. HP: 50/55 MP: 6/6
  1464 | D:2      | Reached skill level 5 in Fighting
  1540 | D:2      | Found a shadowy altar of Dithmenos.
  1551 | D:2      | Reached skill level 4 in Axes
  1976 | D:2      | Became a worshipper of the Shining One
  2515 | D:3      | Noticed slavik159's ghost (amateur MiGl)
  2544 | D:3      | Killed slavik159's ghost
  2544 | D:3      | Reached skill level 5 in Shields
  2834 | D:4      | Reached XP level 7. HP: 59/61 MP: 7/7
  3293 | D:4      | Reached skill level 5 in Armour
  3441 | D:4      | Reached skill level 5 in Axes
  3594 | D:5      | Entered Level 5 of the Dungeon
  3819 | D:5      | Found a staircase to the Ecumenical Temple.
  3829 | Temple   | Entered the Ecumenical Temple
  4229 | D:5      | Reached XP level 8. HP: 70/70 MP: 8/8
  4431 | D:5      | Reached * piety under the Shining One
  4853 | D:6      | Reached skill level 6 in Axes
  4889 | D:6      | Found a shattered altar of Ashenzari.
  4933 | D:6      | Noticed Blork the orc
  4951 | D:6      | Killed Blork the orc
  5375 | D:6      | Reached skill level 7 in Axes
  5375 | D:6      | Reached skill level 1 in Stealth
  5471 | D:7      | Found Ponang's Assorted Antiques.
  5497 | D:7      | Bought a heavily runed chain mail for 237 gold pieces
  5507 | D:7      | Identified the cursed +1 chain mail of Refuge {rC++ Dex+2} (You bought it in a shop on level 7 of the Dungeon)
  5513 | D:7      | Found a radiant altar of Vehumet.
  5626 | D:7      | Reached XP level 9. HP: 74/78 MP: 9/9
  5686 | D:6      | Gained mutation: You expend magic power (3 MP) to strengthen your wands. [mutagenic meat]
  5687 | D:6      | Gained mutation: Your spells are a little harder to cast, but a little more powerful. [mutagenic meat]
  5688 | D:6      | Gained mutation: You are frail (-10% HP). [mutagenic meat]
  5695 | D:7      | Found an oddly glowing altar of Pakellas.
  5977 | D:8      | Found a sparkling altar of Nemelex Xobeh.
  5981 | D:8      | Reached skill level 8 in Axes
  6039 | D:8      | Reached ** piety under the Shining One
  6232 | D:8      | Reached skill level 9 in Axes
  6446 | D:8      | Noticed a three-headed hydra
  6463 | D:8      | The Shining One protects you from harm!
  6464 | D:8      | HP: 1/73 [eight-headed hydra (3)]
  6466 | D:8      | Slain by an eight-headed hydra

Skill      XL: |  1  2  3  4  5  6  7  8  9 |
---------------+----------------------------+-----
Fighting       | 4 5 7 8 |  8.6
Axes           | 3 4 5 7 9 |  9.4
Armour         | 4 5 6 |  6.2
Dodging        | 1 2 3 |  3.9
Shields        | 4 5 6 8 |  8.0
Stealth        | 1 |  1.0

Action                   |  1- 3 |  4- 6 |  7- 9 || total
-------------------------+-------+-------+-------++-------
Melee: War axe           |    72 |   185 |   365 ||   622
       Hand axe          |       |       |    92 ||    92
  Use: Scroll            |       |     1 |    11 ||    12
       Potion            |       |       |     5 ||     5
  Eat: Chunk             |       |     7 |    12 ||    19
       Royal jelly       |       |       |     1 ||     1
       Pizza             |       |       |     1 ||     1
Armor: Scale mail        |    32 |    74 |    80 ||   186
       Chain mail        |       |       |    75 ||    75
Dodge: Dodged            |    17 |    57 |   104 ||   178
Block: Shield            |    31 |   101 |   248 ||   380
       Reflection        |       |       |     9 ||     9
